 Dungeon Crawl Stone Soup version 0.17-a0-1663-gb806841 (webtiles) character file.

40 kae the Grave Robber (level 3, 0/26 HPs)
             Began as a Demonspawn Necromancer on Aug 16, 2015.
             Slain by Ijyb (1 damage)
             ... on level 2 of the Dungeon.
             The game lasted 00:01:40 (1633 turns).

kae the Grave Robber (Demonspawn Necromancer)       Turns: 1633, Time: 00:01:40

Health: 0/26       AC:  2    Str:  8    XL:     3   Next: 30%
Magic:  1/6        EV: 12    Int: 17    God:
Gold:   78         SH:  0    Dex: 13    Spells: 1 memorised, 6 levels left

rFire  . . .     SeeInvis .     f - -3 short sword (curse)
rCold  + + .     Clarity  .     a - +0 robe
rNeg   . . .     SustAt   .     (no shield)
rPois  .         Gourm    .     (no helmet)
rElec  .         Spirit   .     (no cloak)
rCorr  .         Warding  .     (no gloves)
rMut   .         Stasis   .     (no boots)
MR     .....                    (no amulet)
Stlth  ++........               (no ring)
                                (no ring)

@: not resistant to hostile enchantments, unstealthy
A: hooves 1, cold resistance 2, robust 1, subdued magic 1
a: no special abilities


You were on level 2 of the Dungeon.
You were near starving.

You visited 1 branch of the dungeon, and saw 2 of its levels.

You collected 78 gold pieces.

Inventory:

Hand weapons
 f - a cursed -3 short sword (weapon)
Armour
 a - a +0 robe (worn)
Scrolls
 d - a scroll of fog {unknown}
 e - 2 scrolls of recharging {unknown}
 g - a scroll of teleportation {unknown}
 i - a scroll of random uselessness {unknown}
Books
 b - a book of Necromancy

   Spells                             Type                      Level
   a - Pain                           Necromancy                   1
   b - Animate Skeleton               Necromancy                   1
   c - Vampiric Draining              Necromancy                   3
   d - Regeneration                   Charms/Necromancy            3
   e - Animate Dead                   Necromancy                   4
   f - Control Undead                 Necromancy                   4
Comestibles
 c - a bread ration
 j - a meat ration


   Skills:
 - Level 1.7 Dodging
 - Level 1.7 Stealth
 + Level 2.5 Spellcasting
 * Level 5.3 Necromancy


You had 6 spell levels left.
You knew the following spells:

 Your Spells              Type           Power        Failure   Level  Hunger
a - Pain                  Necr           ##..         1%          1    #......


Dungeon Overview and Level Annotations

Branches:
Dungeon (2/15)

Altars:

Annotations:
D:2 Ijyb


Innate Abilities, Weirdness & Mutations

You have large cloven feet.
Your flesh is very cold resistant.
You are robust (+10% HP).
Your spells are a little easier to cast, but a little less powerful.


Message History

Ijyb is almost dead.
Ijyb hits you.
* * * LOW HITPOINT WARNING * * *
You closely miss Ijyb. Your kick misses Ijyb.
Ijyb is almost dead.
Ijyb hits you.
* * * LOW HITPOINT WARNING * * *
Ijyb barely misses you.
Drink which item? (? for menu, Esc to quit)
Okay, then.
Drink which item? (? for menu, Esc to quit)
It was a potion of mutation.
You feel extremely strange.
You feel more resistant to cold.
Your connection to magic feels subdued.
You feel robust. Ijyb misses you. Ijyb hits you but does no damage.
You hit Ijyb.
Ijyb is almost dead.
Ijyb screams, "No!
No, no, no, no!"
Ijyb hits you.
You die...

..... #...##
.######....##..#.
........<.......
##.........##.#
####..###....# #.##
#...#### ##.# #....g#
##..# ##..##@# . #..##
#...##.##.... ###.##
#.#...........
##...######.#####...####
.............(.......#
##.###.#######..###....
#.....# ## .####
##..#### . ...## ..


You could see Ijyb.

Vanquished Creatures
  An ooze (D:1)
  A giant gecko (D:1)
  7 ball pythons (D:1)
  2 bats (D:1)
  A giant cockroach (D:1)
  5 hobgoblins (D:1)
  6 kobolds (D:1)
  A quokka (D:2)
  4 goblins (D:1)
  2 rats (D:1)
30 creatures vanquished.

Vanquished Creatures (others)
  2 fungi (D:1)
2 creatures vanquished.

Grand Total: 32 creatures vanquished

Notes
Turn   | Place    | Note
--------------------------------------------------------------
     0 | D:1      | kae the Demonspawn Necromancer began the quest for the Orb.
     0 | D:1      | Reached XP level 1. HP: 13/13 MP: 3/3
   222 | D:1      | Gained mutation: You have large cloven feet. [demonic ancestry]
   222 | D:1      | Reached XP level 2. HP: 19/19 MP: 3/5
   352 | D:1      | Reached skill level 5 in Necromancy
   892 | D:1      | Gained mutation: Your flesh is cold resistant. [demonic ancestry]
   892 | D:1      | Reached XP level 3. HP: 17/24 MP: 4/6
  1620 | D:2      | Noticed Ijyb
  1631 | D:2      | HP: 1/24 [Ijyb (3)]
  1632 | D:2      | Gained mutation: Your flesh is very cold resistant. [potion of mutation]
  1632 | D:2      | Gained mutation: Your spells are a little easier to cast, but a little less powerful. [potion of mutation]
  1632 | D:2      | Gained mutation: You are robust (+10% HP). [potion of mutation]
  1633 | D:2      | Slain by Ijyb

Vault maps used:
D:1:      saegor_arrival_simple_f, minmay_shallow_snake_nest
D:2:      nicolae_tso_carved_into_rock, ashenzari_altar_1, uniq_natasha,
          uniq_iyjb, uniq_terence

Action                   || total
-------------------------++-------
Melee: Unarmed           ||    13
       Short sword       ||    21
 Cast: Pain              ||    53
  Use: Potion            ||     1
 Stab: Sleeping          ||     2
  Eat: Chunk             ||     1
